 Dungeon Sprint DCSS version 0.15-a0-1798-g4683f23 (webtiles) character file.

19338 BluebellGnoll the Blocker (level 12, -3/130 HPs)
             Began as an Ogre Hunter on June 30, 2014.
             Was the Champion of Qazlal.
             Killed from afar by a frost giant (17 damage)
             ... with a bolt of cold
             ... in the Dungeon (Sprint V: "Ziggurat Sprint").
             The game lasted 00:40:36 (1245 turns).

BluebellGnoll the Blocker (Ogre Hunter)             Turns: 1245, Time: 00:40:36

HP  -3/130       AC  4     Str 30      XL: 12   Next: 68%
MP  26/26        EV  5     Int 10      God: Qazlal [******]
Gold 0           SH 42     Dex 16      Spells:  2 memorised,  8 levels left

rFire  . . .     SeeInvis +     M - +2 whip "Hell-Harrower" {flame, rC+}
rCold  + . .     Clarity  .     (armour restricted)
rNeg   + . .     rCorr    .     K - +18 shield of the gong {rElec rN+ MR+ EV-5}
rPois  .         rRot     .     (helmet restricted)
rElec  +         Spirit   .     T - +2 cloak
SustAb .         Warding  .     (gloves unavailable)
rMut   +         NoTele   +     (boots unavailable)
Gourm  .                        L - amulet of Xaptomu {rMut +Fly SInv}
MR     ++...                    t - +6 ring of strength
                                p - +6 ring of dexterity

@: studying 2 skills, repel missiles, very resistant to hostile enchantments,
very unstealthy
A: unfitting armour, tough skin 1
a: Upheaval, Elemental Force, Disaster Area, Renounce Religion, Evoke Flight


You were in the Dungeon.
You worshipped Qazlal.
Qazlal was exalted by your worship.
You were not hungry.

You visited 1 branch

Inventory:

Hand weapons
 I - a +9 giant spiked club
 J - the +6 shillelagh "Devastator"
   (You found it in the Dungeon)
 M - the +2 whip "Hell-Harrower" (weapon) {flame, rC+}
   (You found it in the Dungeon)

   It emits flame when wielded, causing extra injury to most foes and up to
   double damage against particularly susceptible opponents.
   It protects you from cold.
 U - a +5 whip of flaming
Missiles
 b - 5 large rocks (quivered)
 c - 2 throwing nets
Armour
 H - a +9 gold dragon armour
 K - the +18 shield of the gong (worn) {rElec rN+ MR+ EV-5}
   (You found it in the Dungeon)

   It affects your evasion (-5).
   It insulates you from electricity.
   It protects you from negative energy.
   It affects your resistance to hostile enchantments.
 T - a +2 cloak (worn)
Magical devices
 l - a wand of disintegration (6)
 m - a wand of fire (2)
 n - a wand of cold (8)
 o - a wand of draining (5)
Comestibles
 a - 36 fruits
 d - 4 bread rations
 f - 5 meat rations
Scrolls
 k - 3 scrolls of blinking
 r - 4 scrolls of amnesia
 u - 7 scrolls of fog
 w - 3 scrolls of holy word
 x - 5 scrolls of identify
 y - 3 scrolls of remove curse
 z - 2 scrolls of fear
Jewellery
 p - a +6 ring of dexterity (left hand)
 t - a +6 ring of strength (right hand)
 L - the amulet of Xaptomu (around neck) {rMut +Fly SInv}
   (You found it in the Dungeon)

   [amulet of resist mutation]

   It protects you from mutation.
   It enhances your eyesight.
   It lets you fly.
 W - the ring "Peoveosu" {rPois Dex+1 Int+4}
   (You found it in the Dungeon)

   [ring of poison resistance]

   It affects your intelligence (+4).
   It affects your dexterity (+1).
   It protects you from poison.
Potions
 e - 11 potions of curing
 g - 2 potions of heal wounds
 h - 5 potions of haste
 i - 7 potions of magic
 j - 2 potions of berserk rage
 A - 2 potions of brilliance
 B - a potion of invisibility
 C - 2 potions of restore abilities
 D - 4 potions of resistance
 F - 5 potions of agility
 G - 4 potions of might
Books
 O - a manual of Stealth
 R - a manual of Conjurations
 S - a book of Wizardry

   Spells                             Type                      Level
   Agony                              Necromancy                   5
   Force Lance                        Conjuration                  5
   Dispersal                          Translocation                6
   Haste                              Charms                       6
   Invisibility                       Hexes                        6
   Spellforged Servitor               Conjuration/Summoning        7
 V - a book of Enchantments

   Spells                             Type                      Level
   Tukima's Dance                     Hexes                        3
   Cause Fear                         Hexes                        4
   Silence                            Hexes/Air                    5
   Deflect Missiles                   Charms/Air                   6
   Haste                              Charms                       6
   Discord                            Hexes                        8
Miscellaneous
 s - a plain deck of destruction
 v - a disc of storms
 E - a box of beasts
 N - an ornate deck of defence
 P - a legendary deck of defence
Rods
 Q - a +9 lightning rod (0/11)
   (You found it in the Dungeon)


   Skills:
 - Level 11.5 Fighting
 + Level 15.5 Maces & Flails
 - Level 5.5 Throwing
 - Level 8.6 Armour
 - Level 1.7 Dodging
 - Level 0.7 Stealth
 - Level 18.8 Shields
 - Level 1.3 Spellcasting
 - Level 10.3 Invocations
 + Level 11.3 Evocations


You had 8 spell levels left.
You knew the following spells:

 Your Spells              Type           Power        Failure   Level  Hunger
a - Cure Poison           Pois           #.........   61%         2    ###....
b - Mephitic Cloud        Conj/Pois/Air  #.......     92%         3    ####...


Dungeon Overview and Level Annotations

Branches:
Dungeon (1/1)

Altars:
Ashenzari
Cheibriados
Dithmenos
Elyvilon
Fedhas
Gozag
Kikubaaqudgha
Makhleb
Nemelex Xobeh
Okawaru
Qazlal
Sif Muna
Trog
Vehumet
Xom
Yredelemnul
Zin
The Shining One
Beogh
Jiyva
Lugonu


Innate Abilities, Weirdness & Mutations

You are too large for most types of armour.
You have tough skin (AC +1).


Message History

PTOANNNG!
You block the polar bear's attack.
SHROANNG!
The ice beast hits you.
* * * LOW HITPOINT WARNING * * *
The ice beast freezes you. You resist.
* * * LOW HITPOINT WARNING * * *
Unknown command.
You whack the ice beast!
You melt the ice beast!
You kill the ice beast!
Qazlal accepts your kill. The blizzard demon gestures at you.
The bolt of cold hits the white imp.
The white imp resists.
The bolt of cold hits you! You resist.
* * * LOW HITPOINT WARNING * * *
The frost giant casts a spell at you.
The bolt of cold hits the ice devil.
The ice devil completely resists.
The bolt of cold hits the polar bear.
The polar bear resists.
The bolt of cold hits you! You resist.
You die...

:[)||.▓...}:§|..▓..§)
..))}|}..▓..)§[§...▓...§
▓.........▓.....§...▓....
▓.....D...▓.........▓....
▓...Z.....▓.........▓....
▓....2D...▓.........▓....
▓..▓.§Z▓§.▓......)..▓.▓..
▓.▓..C35▓.▓.▓)....▓.▓....
▓.....hh@.▓.........▓▓▓▓▓
▓▓▓▓▓▓▓▓▓▓▓▓▓▓▓▓▓▓▓▓▓


You could see a frost giant, an ice dragon, a blizzard demon, an ice devil, 2
polar bears, a white imp, a worm simulacrum and a kobold simulacrum.

Vanquished Creatures
  2 pandemonium lords (D)
  An Executioner (D)
  A cacodemon (D)
  A blizzard demon (D)
  Erica (D)
  2 hell hogs (D)
  A red wasp (shapeshifter) (D)
  A black mamba (shapeshifter) (D)
  A sixfirhy (D)
  An orange demon (D)
  3 red devils (D)
  2 guardian mummies (D)
  2 fire vortices (D)
  2 merfolk (D)
  A blue devil (D)
  2 flying skulls (D)
  A hog (shapeshifter) (D)
  An ugly thing (D)
  A golden eye (D)
  A hippogriff (shapeshifter) (D)
  A golden eye (shapeshifter) (D)
  A neqoxec (D)
  A hell hound (D)
  Edmund (D)
  4 wolves (D)
  2 black bears (D)
  A porcupine (D)
  A phantom (D)
  An ice beast (D)
  2 black bears (shapeshifter) (D)
  2 orc warriors (D)
  A necrophage (D)
  A boring beetle (shapeshifter) (D)
  Sigmund (D)
  Duvessa (D)
  Blork the orc (D)
  A giant frog (D)
  An eye of draining (D)
  A jelly (D)
  Dowan (D)
  An iguana (D)
  Crazy Yiuf (D)
  An iron imp (D)
  An orc priest (D)
  An orc wizard (D)
  Jessica (D)
  3 mummies (D)
  A shadow imp (D)
  2 orcs (D)
  A jackal (D)
  A giant cockroach zombie (D)
  A rat skeleton (D)
69 creatures vanquished.

Vanquished Creatures (collateral kills)
  A chaos spawn (D)
1 creature vanquished.

Vanquished Creatures (others)
  An air elemental (D)
  A water elemental (D)
2 creatures vanquished.

Grand Total: 72 creatures vanquished

Notes
Turn   | Place    | Note
--------------------------------------------------------------
     0 | D        | BluebellGnoll, the Ogre Hunter, began the quest for the Orb.
     0 | D        | Reached XP level 1. HP: 22/22 MP: 1/1
     0 | D        | Found a roughly hewn altar of Beogh.
     0 | D        | Found a corrupted altar of Lugonu.
     1 | D        | Found a white marble altar of Elyvilon.
     2 | D        | Found a sparkling altar of Nemelex Xobeh.
     2 | D        | Found a burning altar of Makhleb.
     2 | D        | Found a deep blue altar of Sif Muna.
     3 | D        | Found a bloodstained altar of Trog.
     6 | D        | Found an iron altar of Okawaru.
    22 | D        | Found an ancient bone altar of Kikubaaqudgha.
    22 | D        | Found a radiant altar of Vehumet.
    23 | D        | Found a basalt altar of Yredelemnul.
    39 | D        | Found a shimmering altar of Xom.
    84 | D        | Reached skill level 6 in Armour
    84 | D        | Reached XP level 2. HP: 29/29 MP: 2/2
   103 | D        | Became a worshipper of Qazlal Stormbringer
   113 | D        | Entered arena 1.
   113 | D        | Noticed a merfolk
   113 | D        | Noticed a merfolk
   126 | D        | Killed a merfolk
   126 | D        | Reached skill level 9 in Fighting
   126 | D        | Reached XP level 3. HP: 28/50 MP: 3/3
   126 | D        | Reached XP level 4. HP: 33/59 MP: 4/4
   126 | D        | Reached XP level 5. HP: 37/67 MP: 5/5
   128 | D        | Killed a merfolk
   128 | D        | Reached skill level 11 in Fighting
   128 | D        | Reached XP level 6. HP: 41/80 MP: 6/6
   134 | D        | Got the amulet of Xaptomu {rMut +Fly SInv}
   300 | D        | Entered arena 2.
   300 | D        | Noticed a jelly
   300 | D        | Noticed an eye of draining
   300 | D        | Noticed a golden eye
   329 | D        | Killed a jelly
   329 | D        | Acquired Qazlal's first power
   329 | D        | Reached XP level 7. HP: 78/88 MP: 1/7
   338 | D        | Killed an eye of draining
   343 | D        | Killed a golden eye
   399 | D        | Entered arena 3.
   399 | D        | Noticed a necrophage
   399 | D        | Noticed a phantom
   401 | D        | Killed a necrophage
   401 | D        | Acquired Qazlal's second power
   409 | D        | Killed a phantom
   416 | D        | Got the cursed +2 whip "Hell-Harrower" {flame, rC+}
   421 | D        | Entered arena 4.
   421 | D        | Noticed an iguana
   421 | D        | Noticed a porcupine
   421 | D        | Noticed a giant frog
   422 | D        | Killed a giant frog
   422 | D        | Acquired Qazlal's third power
   422 | D        | Reached XP level 8. HP: 97/97 MP: 8/8
   426 | D        | Killed an iguana
   426 | D        | Reached skill level 12 in Maces & Flails
   426 | D        | Reached skill level 5 in Throwing
   426 | D        | Killed a porcupine
   426 | D        | Reached skill level 1 in Spellcasting
   426 | D        | Reached skill level 1 in Evocations
   444 | D        | Entered arena 5.
   444 | D        | Noticed a hell hog
   444 | D        | Noticed a hell hound
   444 | D        | Noticed a fire vortex
   444 | D        | Noticed a fire vortex
   444 | D        | Noticed a hell hog
   446 | D        | Killed a fire vortex
   447 | D        | Killed a hell hound
   447 | D        | Acquired Qazlal's fourth power
   448 | D        | Killed a hell hog
   448 | D        | Reached XP level 9. HP: 94/105 MP: 11/20
   450 | D        | Killed a hell hog
   458 | D        | Killed a fire vortex
   458 | D        | Reached skill level 10 in Invocations
   466 | D        | Identified the Guide on Venom (You found it in the Dungeon)
   479 | D        | Identified the Guide on Venom (You found it in the Dungeon)
   482 | D        | Learned a level 2 spell: Cure Poison
   499 | D        | Entered arena 6.
   499 | D        | Noticed an orc wizard
   499 | D        | Noticed an orc warrior
   499 | D        | Noticed an orc priest
   499 | D        | Noticed an orc warrior
   500 | D        | Killed an orc priest
   500 | D        | Acquired Qazlal's fifth power
   503 | D        | Killed an orc warrior
   503 | D        | Killed an orc warrior
   509 | D        | Killed an orc wizard
   534 | D        | Entered arena 7.
   534 | D        | Noticed a wolf
   534 | D        | Noticed a wolf
   534 | D        | Noticed a black bear
   534 | D        | Noticed a wolf
   534 | D        | Noticed a wolf
   534 | D        | Noticed a black bear
   537 | D        | Killed a black bear
   537 | D        | Killed a wolf
   540 | D        | Killed a wolf
   540 | D        | Killed a wolf
   540 | D        | Reached XP level 10. HP: 114/114 MP: 23/23
   542 | D        | Killed a wolf
   542 | D        | Reached skill level 13 in Maces & Flails
   551 | D        | Killed a black bear
   566 | D        | Entered arena 8.
   566 | D        | Noticed a guardian mummy
   566 | D        | Noticed a guardian mummy
   566 | D        | Noticed a flying skull
   566 | D        | Noticed a flying skull
   574 | D        | Killed a guardian mummy
   578 | D        | Killed a flying skull
   589 | D        | Killed a flying skull
   590 | D        | Killed a guardian mummy
   643 | D        | Entered arena 9.
   643 | D        | Noticed Sigmund
   643 | D        | Noticed Jessica
   643 | D        | Noticed Blork the orc
   643 | D        | Noticed Crazy Yiuf
   643 | D        | Noticed Dowan
   643 | D        | Noticed Duvessa
   643 | D        | Noticed Edmund
   643 | D        | Noticed Erica
   645 | D        | Killed Blork the orc
   645 | D        | Killed Dowan
   645 | D        | Killed Edmund
   648 | D        | Killed Sigmund
   648 | D        | Reached skill level 14 in Maces & Flails
   648 | D        | Killed Erica
   648 | D        | Reached skill level 15 in Maces & Flails
   651 | D        | Killed Crazy Yiuf
   656 | D        | Killed Duvessa
   658 | D        | Killed Jessica
   693 | D        | Entered arena 10.
   693 | D        | Noticed a purple ugly thing
   693 | D        | Noticed a hog
   693 | D        | Noticed a black mamba
   693 | D        | Noticed a red wasp
   693 | D        | Noticed a black bear
   693 | D        | Noticed a boring beetle
   693 | D        | Noticed a black bear
   693 | D        | Noticed a hippogriff
   693 | D        | Noticed a salamander
   695 | D        | Killed a hippogriff
   695 | D        | Killed a red wasp
   697 | D        | a salamander changed into a shapeshifter
   699 | D        | Killed a boring beetle
   699 | D        | Reached skill level 10 in Evocations
   699 | D        | Killed a black mamba
   701 | D        | Killed a black bear
   701 | D        | Reached XP level 11. HP: 116/120 MP: 20/25
   701 | D        | Killed a purple ugly thing
   702 | D        | Killed a black bear
   703 | D        | Killed a hog
   774 | D        | Entered arena 11.
   774 | D        | Noticed a red devil
   774 | D        | Noticed a cacodemon
   774 | D        | Noticed an orange demon
   774 | D        | Noticed Ghonokik the pandemonium lord
   774 | D        | Noticed a blue devil
   774 | D        | Noticed a blizzard demon
   774 | D        | Noticed a chaos spawn
   774 | D        | Noticed an Executioner
   775 | D        | Noticed a red devil
   775 | D        | Noticed Lewn the pandemonium lord
   789 | D        | Killed an orange demon
   789 | D        | Reached skill level 10 in Shields
   790 | D        | Killed a red devil
   797 | D        | Killed a red devil
   800 | D        | Killed a chaos spawn
   813 | D        | Killed an Executioner
   825 | D        | Killed Lewn the pandemonium lord
   825 | D        | Reached skill level 16 in Shields
   825 | D        | Reached XP level 12. HP: 104/130 MP: 3/26
   827 | D        | Killed a blizzard demon
   827 | D        | Killed a blue devil
   829 | D        | Killed Ghonokik the pandemonium lord
   829 | D        | Reached skill level 18 in Shields
   832 | D        | Killed a cacodemon
   843 | D        | Got the ring "Peoveosu" {rPois Dex+1 Int+4}
  1234 | D        | Learned a level 3 spell: Mephitic Cloud
  1235 | D        | Entered arena 12.
  1235 | D        | Noticed an ice devil
  1235 | D        | Noticed an ice dragon
  1235 | D        | Noticed a blizzard demon
  1235 | D        | Noticed a frost giant
  1235 | D        | Noticed an ice beast
  1235 | D        | Noticed a polar bear
  1236 | D        | Noticed a polar bear
  1236 | D        | Noticed an ice dragon
  1245 | D        | Killed an ice beast
  1245 | D        | Killed from afar by a frost giant

Action                   |  1- 3 |  4- 6 |  7- 9 | 10-12 || total
-------------------------+-------+-------+-------+-------++-------
Melee: Shillelagh        |    11 |     7 |    22 |    50 ||    90
       Whip              |       |       |       |     3 ||     3
Throw: Large rock        |       |       |     1 |       ||     1
Invok: Upheaval          |       |       |     1 |     3 ||     4
       Elemental Force   |       |       |       |     2 ||     2
       Disaster Area     |       |       |       |     2 ||     2
Evoke: Wand              |       |     2 |     5 |       ||     7
       Rod               |       |       |     5 |    13 ||    18
       Box of beasts     |       |       |       |     1 ||     1
       Disc of storms    |       |       |       |     1 ||     1
  Use: Potion            |     2 |       |       |    12 ||    14
       Scroll            |       |       |     8 |     7 ||    15
